 Dungeon Crawl Stone Soup version 0.21-a0-401-g0b6bec4 (webtiles) character file.

101606 calang20 the Severer (level 16, -13/127 HPs)
             Began as a Formicid Fighter on Oct 25, 2017.
             Was the Champion of Okawaru.
             Killed from afar by a deep elf mage (17 damage)
             ... with a bolt of lightning
             ... on level 2 of the Elven Halls.
             The game lasted 01:37:55 (29115 turns).

calang20 the Severer (Formicid Fighter)            Turns: 29115, Time: 01:37:55

Health: -13/127    AC: 33    Str: 28    XL:     16   Next: 83%
Magic:  17/17      EV: 10    Int:  9    God:    Okawaru [******]
Gold:   1009       SH: 27    Dex: 12    Spells: 15/15 levels left

rFire    + . .     SeeInvis +   L - +2 great sword (venom)
rCold    + + .     Gourm    .   w - +1 large shield {rN+}
rNeg     + . .     Faith    .   R - +3 plate armour {rC+}
rPois    .         Spirit   .   (helmet unavailable)
rElec    .         Reflect  +   y - +2 cloak
rCorr    .         Harm     .   A - +2 pair of gloves {Str+3}
MR       +....     Clarity  +   E - +0 pair of boots "Matyl" {rF+ rC+} (curse)
Stlth    ..........             W - +5 amulet of reflection
HPRegen  0.31/turn              g - +2 ring of slaying
MPRegen  0.15/turn              s - +3 ring of protection

@: no status effects
A: permanent stasis, dig shafts and tunnels, four strong arms, antennae 3, beak,
icy blue scales 1, yellow scales 1, agile 1, clarity, weak 1, MP-powered wands
a: Dig, Shaft Self, Heroism, Finesse, Renounce Religion


You were on level 2 of the Elven Halls.
You worshipped Okawaru.
Okawaru was exalted by your worship.
You were not hungry.

You visited 4 branches of the dungeon, and saw 25 of its levels.

You collected 2521 gold pieces.
You spent 1512 gold pieces at shops.

Inventory:

Hand Weapons
 c - a +0 morningstar of draining
 t - a +1 battleaxe of electrocution
 C - a +2 vampiric broad axe
 L - a +2 great sword of venom (weapon)
 V - a +1 dire flail of holy wrath
Armour
 o - a +2 chain mail of magic resistance
 r - a +2 plate armour of poison resistance
 w - a +1 large shield of positive energy (worn)
 y - a +2 cloak (worn)
 A - a +2 pair of gloves of strength (worn)
 E - the cursed +0 pair of boots "Matyl" (worn) {rF+ rC+}
   (You found it on level 14 of the Dungeon)

   It protects you from fire.
   It protects you from cold.
   It has a curse placed upon it.
 R - a +3 plate armour of cold resistance (worn)
Jewellery
 e - an uncursed ring of flight
 g - a +2 ring of slaying (left hand)
 s - a +3 ring of protection (right hand)
 x - a +2 ring of dexterity
 W - a +5 amulet of reflection (around neck)
Wands
 q - a wand of acid (0/15)
 D - a wand of digging (17/24)
 H - a wand of paralysis (11/24)
 J - a wand of flame (22/48)
 K - a wand of polymorph (8/24)
 N - a wand of polymorph (15/24)
 O - a wand of iceblast (6/15)
 T - a wand of flame (28/48)
 U - a wand of iceblast (5/15)
Scrolls
 h - 3 scrolls of fog
 i - 2 scrolls of enchant weapon
 k - 12 scrolls of remove curse
 u - a scroll of identify
 v - 4 scrolls of magic mapping
 z - a scroll of acquirement {unknown}
 B - 3 scrolls of amnesia
 F - 2 scrolls of brand weapon
 P - a scroll of vulnerability
Potions
 b - a potion of flight
 d - 2 potions of might
 l - 3 potions of agility
 n - 5 potions of brilliance
 p - 9 potions of curing
Miscellaneous
 a - a box of beasts
 G - a lightning rod (4/4)
 Q - a sack of spiders
Comestibles
 f - 9 bread rations
 j - 4 meat rations
 m - 11 royal jellies
 I - 13 fruits


   Skills:
 + Level 11.8 Fighting
 + Level 13.0 Long Blades
 + Level 15.7 Axes
 + Level 11.6 Armour
 + Level 3.9 Dodging
 + Level 2.6 Stealth
 + Level 15.0 Shields
 + Level 0.2 Invocations
 + Level 1.4 Evocations


You had 15 spell levels left.
You didn't know any spells.

Dungeon Overview and Level Annotations

Branches:
Dungeon (15/15)            Temple (0/1) D:4            Lair (6/6) D:9
 Shoals (0/4) Lair:4       Spider (0/4) Lair:2          Orc (2/2) D:10
    Elf (2/3) Orc:2        Vaults (0/5) D:14         Depths (0/5) D:15
  Slime: Lair:5-6

Altars:
Fedhas
Okawaru
Sif Muna
Wu Jian
Xom
Zin
The Shining One

Shops:
D:5 :   D:10 [   D:11 ?   Orc:1 :   Orc:2 %*[!   Elf:1 :}=   Elf:2 =}=

Annotations:
D:7 4 runed doors
Lair:5 exclusion: oklob plant


Innate Abilities, Weirdness & Mutations

You cannot be hasted, slowed, berserked, paralysed or teleported.
You can dig through walls and to a lower floor.
Your four strong arms can wield two-handed weapons with a shield.
You have a pair of large antennae on your head. (SInv)
You have a beak for a mouth.
You are partially covered in icy blue scales. (AC +2)
You are partially covered in yellow scales. (AC +2)
You are agile. (Dex +2)
You possess an exceptional clarity of mind.
You are weak. (Str -2)
You expend magic power (3 MP) to strengthen your wands.


Message History

The deep elf mage mumbles some strange words.
The deep elf mage blinks!
The deep elf mage casts a spell.
The deep elf mage blinks!
The deep elf mage casts a spell at you. The bolt of lightning hits you!
* * * LOW HITPOINT WARNING * * *
The deep elf mage points at you and mumbles some strange words.
The bolt of lightning hits you!
* * * LOW HITPOINT WARNING * * *
Okay, then.
As you read the scroll of summoning, it crumbles to dust.
Wisps of shadow whirl around you...
The deep elf mage points at you and mumbles some strange words.
The bolt of magma misses you.
The bolt of magma hits your long sword of protection.
Your long sword of protection partially resists.
The deep elf mage gestures at you while chanting.
The bolt of lightning hits you!
You die...

.#.#####)..# #.# ....
..........## ##### ....
.....##)..# ###..# .....
.#........# ###...## .....
)######)### ###.....# ...... .#
#.# ###......#####'....
.######)#####........###'.'#
......(.##..)..)..E..).!).#
##########.##.(.@.e..###'.'#
#########..####......#####'....
..........## ###.....# ...E..
..#######.# ###...## ...ยงยง
..# #.# ##.###.e# .....
..#######.## ##.## ##### ....
..##.......# ##.#####...# ....
..#.###.#..# #.##.......# ...##
##...# #.##.......#


You could see 2 deep elf magi, a friendly earth elemental and a friendly long
sword of protection.

Vanquished Creatures
  Kirke (Lair:6)
  A deep elf elementalist (Elf:2)
  A rakshasa (D:15)
  2 peacekeepers (Elf:1)
  4 vault guards (D:14)
  4 hydras
  7 death yaks
  10 dancing weapons
  6 two-headed ogres
  3 orc high priests (Orc:2)
  6 deep elf knights
  A glowing orange brain (shapeshifter) (D:15)
  An unseen horror (D:14)
  A fire crab (D:14)
  A wizard (D:14)
  A glowing orange brain (D:15)
  3 deep elf archers
  A wolf spider zombie (D:15)
  5 orc knights (Orc:2)
  7 orc sorcerers
  6 ugly things
  30 deep elf magi
  A shining eye (shapeshifter) (D:15)
  6 cyclopes
  2 manticores
  An elephant (D:9)
  4 black mambas
  4 centaur zombies
  A black mamba (shapeshifter) (Elf:1)
  3 centaur skeletons
  2 torpor snails
  11 spiny frogs
  Psyche (D:10)
  A rime drake (Lair:6)
  A redback zombie (D:14)
  An efreet (D:15)
  4 komodo dragons
  2 tengu conjurers (D:14)
  2 trolls
  A wolf spider simulacrum (D:15)
  2 meliai zombies
  A polar bear (Lair:5)
  22 blink frogs
  4 slime creatures (D:15)
  16 hippogriffs
  A water elemental (Elf:1)
  2 redbacks (Lair:2)
  An air elemental (Elf:1)
  A shadow (D:15)
  A wraith (D:14)
  A vampire (D:11)
  63 yaks
  3 wyverns
  A hog (Lair:6)
  A fire elemental (Elf:1)
  2 basilisks
  A hungry ghost (D:13)
  Edmund (D:4)
  A warg (Orc:2)
  3 soldier ants
  12 water moccasins
  A water moccasin (shapeshifter) (D:14)
  21 orc warriors
  6 porcupines
  A phantom (D:11)
  2 ice beasts
  A sky beast (D:11)
  3 black bears
  A black bear (shapeshifter) (D:15)
  A necrophage (D:11)
  10 wolves
  12 ogres
  6 centaurs
  19 crocodiles
  5 big kobolds
  17 bullfrogs
  A wyvern zombie (D:8)
  3 earth elementals
  3 scorpions
  9 wights
  7 killer bees
  5 electric eels
  3 howler monkeys
  8 crimson imps
  2 jellies
  A bullfrog zombie (D:10)
  6 hounds
  Crazy Yiuf (D:5)
  27 orc priests
  10 iguanas
  24 orc wizards
  3 bullfrog skeletons
  18 worker ants
  A hound skeleton (D:4)
  A hound zombie (D:5)
  A worker ant zombie (D:5)
  7 gnolls
  16 adders
  3 shadow imps
  2 oozes
  2 worms
  4 dart slugs
  5 leopard geckos
  100 orcs
  2 ball pythons (D:5)
  4 giant cockroaches
  10 goblins
  9 hobgoblins
  12 jackals
  32 kobolds
  6 quokkas
  7 bats
  6 frilled lizards
  A jackal skeleton (D:4)
  A quokka skeleton (D:10)
  7 rats
  A butterfly (Lair:2)
  2 fungi
  7 plants
776 creatures vanquished.

Vanquished Creatures (others)
  2 deep elf archers (Elf:2)
  5 humans (Lair:6)
  An orc (Orc:1)
  10 fungi
  9 plants
27 creatures vanquished.

Grand Total: 803 creatures vanquished

Notes
Turn   | Place    | Note
-------+----------+-------------------------------------------
     0 | D:1      | calang20 the Formicid Fighter began the quest for the Orb.
     0 | D:1      | Reached XP level 1. HP: 18/18 MP: 1/1
   226 | D:1      | Reached XP level 2. HP: 24/24 MP: 2/2
   518 | D:1      | Reached XP level 3. HP: 29/29 MP: 3/3
  1169 | D:2      | Reached XP level 4. HP: 20/36 MP: 4/4
  1605 | D:2      | Reached skill level 1 in Stealth
  1985 | D:3      | Found a glowing golden altar of the Shining One.
  1988 | D:3      | Reached XP level 5. HP: 42/42 MP: 5/5
  2990 | D:3      | Reached XP level 6. HP: 26/48 MP: 6/6
  2993 | D:3      | Reached skill level 5 in Shields
  3233 | D:4      | Reached skill level 1 in Dodging
  3240 | D:4      | Reached XP level 7. HP: 47/54 MP: 7/7
  3289 | D:4      | Found a glowing silver altar of Zin.
  3506 | D:4      | Found a staircase to the Ecumenical Temple.
  3583 | D:4      | Reached skill level 5 in Axes
  3747 | D:5      | Entered Level 5 of the Dungeon
  3793 | D:4      | Reached XP level 8. HP: 58/61 MP: 8/8
  3986 | D:5      | Noticed Edmund
  4304 | D:4      | Killed Edmund
  4304 | D:4      | Reached skill level 5 in Fighting
  4404 | D:5      | Reached skill level 5 in Armour
  4612 | D:5      | Found Qyish's Book Emporium.
  4658 | D:5      | Found an iron altar of Okawaru.
  4671 | D:5      | Became a worshipper of Warmaster Okawaru
  5005 | D:5      | Found a runed door.
  5009 | D:5      | Noticed Crazy Yiuf
  5019 | D:5      | Killed Crazy Yiuf
  5195 | D:6      | Reached XP level 9. HP: 52/68 MP: 9/9
  6496 | D:7      | Found a huge runed gate.
  6496 | D:7      | Found a huge runed gate.
  6496 | D:7      | Found a huge runed gate.
  6496 | D:7      | Found a huge runed gate.
  6496 | D:7      | Noticed a death yak
  6496 | D:7      | Noticed a polar bear
  6497 | D:7      | Noticed a manticore
  6497 | D:7      | Noticed a polar bear
  6497 | D:7      | Noticed a manticore
  6497 | D:7      | Noticed a hippogriff
  6498 | D:7      | Noticed a polar bear
  6562 | D:7      | Reached * piety under Okawaru
  7965 | D:7      | Gained mutation: You are partially covered in icy blue scales. (AC +2) [potion of mutation]
  7965 | D:7      | Gained mutation: You are agile. (Dex +2) [potion of mutation]
  8042 | D:8      | Reached XP level 10. HP: 61/76 MP: 10/10
  8114 | D:8      | Noticed a two-headed ogre
  8120 | D:8      | Killed a two-headed ogre
  8120 | D:8      | Reached ** piety under Okawaru
  8130 | D:8      | Reached skill level 10 in Axes
  8173 | D:8      | Reached *** piety under Okawaru
  8196 | D:8      | Found an ornate altar of the Wu Jian Council.
  8452 | D:8      | Noticed a two-headed ogre
  8459 | D:8      | Killed a two-headed ogre
  8459 | D:8      | Reached **** piety under Okawaru
  8499 | D:8      | Noticed a two-headed ogre
  8505 | D:8      | Killed a two-headed ogre
  8505 | D:8      | Reached XP level 11. HP: 83/83 MP: 11/11
  8569 | D:8      | Found a blossoming altar of Fedhas.
  8711 | D:8      | Noticed a two-headed ogre
  8721 | D:8      | Killed a two-headed ogre
  9473 | D:9      | Found a staircase to the Lair.
  9473 | D:9      | Noticed an elephant
  9615 | D:9      | Killed an elephant
  9615 | D:9      | Reached ***** piety under Okawaru
  9638 | D:9      | Noticed a death yak
  9680 | D:9      | Killed a death yak
  9916 | D:10     | Entered Level 10 of the Dungeon
 10054 | D:10     | Noticed Psyche
 10067 | D:10     | Killed Psyche
 10580 | D:10     | Found a staircase to the Orcish Mines.
 10629 | D:10     | Found Casolete's Antique Armour Shoppe.
 10634 | D:10     | Bought a shiny plate armour for 624 gold pieces
 10883 | Lair:1   | Entered Level 1 of the Lair of Beasts
 10969 | Lair:1   | Received a gift from Okawaru
 10974 | Lair:1   | Reached XP level 12. HP: 74/92 MP: 12/12
 11181 | Lair:1   | Received a gift from Okawaru
 11181 | Lair:1   | Reached skill level 10 in Shields
 11201 | Lair:1   | Reached ****** piety under Okawaru
 12263 | Lair:2   | Found a hole to the Spider Nest.
 13129 | Lair:3   | Reached XP level 13. HP: 93/101 MP: 13/13
 13165 | Lair:3   | Received a gift from Okawaru
 13367 | Lair:3   | Reached skill level 1 in Long Blades
 13966 | Lair:4   | Noticed a six-headed hydra
 14238 | Lair:4   | Reached skill level 5 in Long Blades
 14702 | Lair:4   | Received a gift from Okawaru
 14881 | Lair:4   | Found a staircase to the Shoals.
 14996 | Lair:4   | Killed a seven-headed hydra
 14997 | Lair:4   | Reached skill level 1 in Evocations
 15993 | Lair:5   | Reached XP level 14. HP: 101/109 MP: 14/14
 16360 | Lair:5   | Reached skill level 10 in Fighting
 17661 | Lair:6   | Entered Level 6 of the Lair of Beasts
 17908 | Lair:6   | Noticed Kirke
 17931 | Lair:6   | Killed Kirke
 17931 | Lair:6   | Received a gift from Okawaru
 17931 | Lair:6   | Reached skill level 10 in Armour
 18261 | Lair:6   | Found a blossoming altar of Fedhas.
 18277 | Lair:6   | Noticed a sphinx
 18277 | Lair:6   | a seven-headed hydra changed into a sphinx
 18565 | D:10     | Gained mutation: You are partially covered in yellow scales. (AC +2) [mutagenic meat]
 18567 | D:10     | Gained mutation: You expend magic power (3 MP) to strengthen your wands. [mutagenic meat]
 18568 | D:10     | Gained mutation: You are weak. (Str -2) [mutagenic meat]
 18569 | D:10     | Gained mutation: You have a beak for a mouth. [mutagenic meat]
 18570 | D:10     | Gained mutation: You possess an exceptional clarity of mind. [mutagenic meat]
 18779 | D:11     | Found Xihex's Magic Scroll Shop.
 18783 | D:11     | Bought a scroll of identify for 32 gold pieces
 18783 | D:11     | Bought a scroll of identify for 32 gold pieces
 19697 | D:12     | Reached skill level 10 in Long Blades
 20177 | D:13     | Received a gift from Okawaru
 20548 | D:14     | Reached XP level 15. HP: 117/117 MP: 16/16
 20834 | D:14     | Got a pair of fine boots
 20979 | D:14     | Found a gate to the Vaults.
 21255 | D:14     | Reached skill level 15 in Axes
 21607 | D:13     | Identified the cursed +0 pair of boots "Matyl" {rF+ rC+} (You found it on level 14 of the Dungeon)
 21736 | D:15     | Entered Level 15 of the Dungeon
 22610 | D:15     | Received a gift from Okawaru
 23000 | D:15     | Found a staircase to the Depths.
 23131 | D:15     | Found a shimmering altar of Xom.
 23462 | Orc:1    | Entered Level 1 of the Orcish Mines
 23473 | Orc:1    | Found a shimmering altar of Xom.
 23539 | Orc:1    | Found Lyna's Book Shop.
 23914 | Orc:2    | Entered Level 2 of the Orcish Mines
 23975 | Orc:2    | Found a staircase to the Elven Halls.
 24045 | Orc:2    | Found Ippul's Distillery.
 25556 | Orc:2    | Found Lecio's Food Shoppe.
 25557 | Orc:2    | Found Ete Muh's Antique Armour Boutique.
 25557 | Orc:2    | Found Vegulef's General Store.
 25568 | Orc:2    | Reached XP level 16. HP: 114/125 MP: 17/17
 25790 | Elf:1    | Entered Level 1 of the Elven Halls
 26466 | Elf:1    | Found Ceosajy's Jewellery Emporium.
 26466 | Elf:1    | Found Mattul's Gadget Shoppe.
 26486 | Elf:1    | Bought a +5 amulet of reflection for 824 gold pieces
 26647 | Elf:1    | Received a gift from Okawaru
 27013 | Elf:1    | Found Cuurusen's Book Shop.
 27154 | Elf:1    | Received a gift from Okawaru
 27867 | Elf:2    | Found Fiupn's Jewellery Shop.
 27867 | Elf:2    | Found Pisibo Ykai's Gadget Emporium.
 27869 | Elf:2    | Found Zuxein's Jewellery Shop.
 28496 | Elf:2    | Found a deep blue altar of Sif Muna.
 28828 | Elf:2    | Reached skill level 15 in Shields
 28831 | Elf:2    | Found a runed gate.
 28831 | Elf:2    | Found a runed gate.
 28831 | Elf:2    | Found a runed gate.
 29114 | Elf:2    | HP: 4/127 [deep elf mage/bolt of lightning (30)]
 29115 | Elf:2    | Killed from afar by a deep elf mage

Vault maps used:
D:1:      dpeg_arrival_brainrot
D:2:      first_bread
D:3:      nicolae_tso_swordbearing_angel
D:4:      zin_statuary, minmay_temple_entry_nine_rooms, grunt_decor_one_mirror,
          minmay_misc_feat_encased, kennysheep_cross_bottleneck
D:5:      kennysheep_okawaru_gauntlet, serial_shops, nicolae_shop_crystal,
          uniq_edmund, uniq_crazy_yiuf_cottage
D:7:      lemuel_bear_cage
D:8:      statuecave_lemuel, lemuel_coloured_pillars_altar,
          nicolae_overflow_crystal_walls
D:9:      david_lair_generic
D:10:     orc_0_dummy, serial_shops, kennysheep_little_box, uniq_psyche
D:11:     serial_shops, shop_scrolls
D:14:     lightli_vaults_fourway_checkpoint
D:15:     gammafunk_enter_depths_forms, serial_corexii_hall,
          corexii_hall_statues_s, corexii_hall_statues_l,
          brannock_xom_greatest_gift
Lair:2:   spider_nest_entry_webs, lemuel_fruit_fields
Lair:3:   infiniplex_staircase_pool_2
Lair:4:   minmay_shoals_entry_beasts, serial_bayou_shore_b,
          serial_bayou_shore_b, serial_bayou_shore_a
Lair:5:   minmay_lair_oklob_chamber, grunt_megastairs_1
Lair:6:   due_jungle_book, slime_altar_1, basic_altar,
          infiniplex_staircase_pool, uniq_kirke
Orc:1:    serial_shops, nicolae_shop_behind_doors, basic_altar
Orc:2:    st_orc_elflike
Elf:1:    eino_elf_arrival_sip, serial_shops, shop,
          portal_desolation_entry_twin_temple, minmay_elf_crystal_hexagon,
          minmay_shoptagon
Elf:2:    basic_altar, basic_stair_grate_trap, minmay_shop_grove

Skill      XL: |  1  2  3  4  5  6  7  8  9 10 11 12 13 14 15 16 |
---------------+-------------------------------------------------+-----
Shields        | 4 5 6 7 8 9 10 11 12 13 15 | 15.0
Stealth        | 1 2 |  2.6
Axes           | 3 4 5 7 9 11 13 14 15 | 15.7
Armour         | 4 5 6 7 8 9 10 11 | 11.6
Fighting       | 4 5 6 7 9 10 11 | 11.8
Dodging        | 1 2 3 |  3.9
Long Blades    | 7 10 11 13 | 13.0
Evocations     | 1 |  1.4
Invocations    | |  0.2

Action                   |  1- 3 |  4- 6 |  7- 9 | 10-12 | 13-15 | 16-18 || total
-------------------------+-------+-------+-------+-------+-------+-------++-------
Melee: War axe           |   117 |   171 |       |       |       |       ||   288
       Battleaxe         |       |    37 |   435 |   561 |   438 |       ||  1471
       Great sword       |       |       |       |       |   814 |   295 ||  1109
       Peck              |       |       |       |       |   176 |    73 ||   249
Invok: Heroism           |       |       |       |       |     1 |       ||     1
 Abil: Dig               |     1 |       |     2 |     4 |    20 |     2 ||    29
Evoke: Wand              |       |       |       |     6 |    16 |       ||    22
  Use: Scroll            |       |     6 |     8 |     3 |    14 |     4 ||    35
       Potion            |       |       |     3 |       |    10 |       ||    13
 Stab: Distracted        |       |       |       |       |     1 |       ||     1
  Eat: Chunk             |     1 |     7 |     9 |    17 |    25 |       ||    59
       Royal jelly       |       |       |     1 |     1 |       |       ||     2
       Meat ration       |       |       |     1 |       |     6 |       ||     7
       Bread ration      |       |       |       |       |     1 |     2 ||     3
Armor: Scale mail        |    48 |    17 |       |       |       |       ||    65
       Chain mail        |       |    85 |   279 |    90 |       |       ||   454
       Plate armour      |       |       |       |   135 |   614 |    84 ||   833
Dodge: Dodged            |    46 |    63 |   139 |   171 |   350 |    42 ||   811
Block: Shield            |    59 |   107 |   314 |   325 |   692 |       ||  1497
       Large shield      |       |       |       |       |   206 |   293 ||   499
       Reflection        |       |       |       |       |       |    28 ||    28
       Rpst.: Great sword |       |       |       |       |    63 |     9 ||    72

Table legend:
 A = Spawn XP
 B = Non-spawn XP
 C = Spawn XP percentage of total XP
 D = Spawn monster count
 E = Non-spawn monster count
 F = Spawn count percentage of total count
 G = Total turns spent on level
                    A         B        C        D         E        F      G
               +---------+---------+-------+---------+---------+-------+---------
         Total |       0 |  145152 |   0.0 |       0 |     768 |   0.0 | 29115
               +---------+---------+-------+---------+---------+-------+---------
           D:1 |       0 |      51 |   0.0 |       0 |      25 |   0.0 |  1035
           D:2 |       0 |      85 |   0.0 |       0 |      17 |   0.0 |   930
           D:3 |       0 |     207 |   0.0 |       0 |      34 |   0.0 |  1162
           D:4 |       0 |    1077 |   0.0 |       0 |      34 |   0.0 |  1336
           D:5 |       0 |     525 |   0.0 |       0 |      20 |   0.0 |   724
           D:6 |       0 |     638 |   0.0 |       0 |      20 |   0.0 |  1232
           D:7 |       0 |    1262 |   0.0 |       0 |      45 |   0.0 |  1600
           D:8 |       0 |    5589 |   0.0 |       0 |      25 |   0.0 |  1117
           D:9 |       0 |    2934 |   0.0 |       0 |      22 |   0.0 |   903
          D:10 |       0 |    2020 |   0.0 |       0 |      33 |   0.0 |   901
          D:11 |       0 |    2250 |   0.0 |       0 |      32 |   0.0 |   528
          D:12 |       0 |    2744 |   0.0 |       0 |      31 |   0.0 |   799
          D:13 |       0 |    3897 |   0.0 |       0 |      30 |   0.0 |   963
          D:14 |       0 |   18436 |   0.0 |       0 |      42 |   0.0 |  1683
          D:15 |       0 |    7232 |   0.0 |       0 |      24 |   0.0 |  1016
        Lair:1 |       0 |    4661 |   0.0 |       0 |      24 |   0.0 |   861
        Lair:2 |       0 |    6654 |   0.0 |       0 |      34 |   0.0 |  1110
        Lair:3 |       0 |    8353 |   0.0 |       0 |      35 |   0.0 |  1511
        Lair:4 |       0 |   11199 |   0.0 |       0 |      31 |   0.0 |  2125
        Lair:5 |       0 |    8276 |   0.0 |       0 |      32 |   0.0 |  1281
        Lair:6 |       0 |    6826 |   0.0 |       0 |      20 |   0.0 |   645
         Orc:1 |       0 |    1878 |   0.0 |       0 |      33 |   0.0 |  1011
         Orc:2 |       0 |   11866 |   0.0 |       0 |      66 |   0.0 |  1319
         Elf:1 |       0 |   16133 |   0.0 |       0 |      31 |   0.0 |  1826
         Elf:2 |       0 |   20359 |   0.0 |       0 |      28 |   0.0 |  1497
               +---------+---------+-------+---------+---------+-------+---------
